 Dungeon Crawl Stone Soup version 0.29-a0-886-gfb1a3fa8b1 (webtiles) character file.

Game seed: 955949870645490970

170 DungeonMaster the Magician (level 5, -2/35 HPs)
             Began as a Demonspawn Hedge Wizard on July 21, 2022.
             Was an Initiate of Gozag.
             Slain by an ogre
             ... wielding a +0 giant spiked club
              (22 damage)
             ... on level 3 of the Dungeon.
             The game lasted 00:07:21 (4391 turns).

DungeonMaster the Magician (DsHW)                   Turns: 4391, Time: 00:07:21

Health: -2/35      AC:  3    Str: 11    XL:     5   Next: 26%
Magic:  11/11      EV: 12    Int: 17    God:    Gozag
Gold:   244        SH:  4    Dex: 12    Spells: 11/12 levels left

rFire   . . .      SeeInvis .   a - +0 dagger (venom)
rCold   . . .      Faith    .   (no shield)
rNeg    . . .      Spirit   .   b - +0 robe
rPois   .          Reflect  .   o - +0 helmet
rElec   .          Harm     .   (no cloak)
rCorr   .          Rampage  .   (no gloves)
Will    .....                   (no boots)
Stlth   ++........              (no amulet)
HPRegen 0.11/turn               (no ring)
MPRegen 0.12/turn               (no ring)

@: no status effects
A: foul stench 1, condensation shield
a: Renounce Religion, Potion Petition, Call Merchant, Bribe Branch


You were on level 3 of the Dungeon.
You worshipped Gozag.
Gozag was aware of your devotion.
You visited 1 branch of the dungeon, and saw 4 of its levels.

You collected 290 gold pieces.
You paid 46 gold pieces to Gozag.

Inventory:

Hand Weapons
 a - a +0 dagger of venom (weapon)
Missiles
 m - 3 poisoned darts (quivered)
Armour
 b - a +0 robe (worn)
 g - a +0 buckler
 o - a +0 helmet (worn)
Wands
 j - a wand of flame (16)
Scrolls
 l - 2 scrolls of identify
 n - a scroll of enchant armour
Potions
 d - 2 potions of magic
 e - a potion of might {unknown}
 h - a potion of ambrosia
 i - a potion of degeneration {unknown}
 k - a potion of lignification {unknown}


   Skills:
 - Level 1.7 Dodging
 - Level 1.7 Stealth
 * Level 4.4 Spellcasting
 * Level 3.7 Conjurations
 - Level 1.0 Summonings
 - Level 0.8 Translocations


You had 11 spell levels left.
You knew the following spells:

 Your Spells              Type           Power      Damage    Failure   Level
a - Magic Dart            Conj           64%        1d6       3%          1

Your spell library contained the following spells:

 Spells                   Type           Power      Damage    Failure   Level
 Slow                     Hex            12%        N/A       16%         1
 Blink                    Tloc           12%        N/A       16%         2
 Call Imp                 Summ           7%         N/A       16%         2
 Conjure Flame            Conj/Fire      10%        6-21      22%         3
 Mephitic Cloud           Conj/Pois/Air  8%         N/A       26%         3
 Call Canine Familiar     Summ           7%         N/A       30%         3
 Portal Projectile        Hex/Tloc       10%        N/A       36%         3
 Confusing Touch          Hex            3%         N/A       41%         3
 Vampiric Draining        Necr           3%         2d6       41%         3
 Leda's Liquefaction      Hex/Erth       1%         N/A       83%         4
 Alistair's Intoxication  Tmut/Pois      2%         N/A       99%         5
 Borgnjor's Vile Clutch   Necr/Erth      1%         N/A       99%         5
 Eringya's Noxious Bog    Tmut/Pois      1%         N/A       100%        6


Dungeon Overview and Level Annotations

Branches:
Dungeon (4/15)
 Temple: D:4-7

Altars:
Gozag
Makhleb
Qazlal


Innate Abilities, Weirdness & Mutations

You may rarely emit foul miasma when damaged in melee.
A meltable shield of frost defends you. (SH +4)


Message History

You closely miss the iguana. You punch the iguana, but do no damage.
The iguana is lightly wounded.
The iguana is engulfed in dark miasma.
The iguana looks even sicker.
The iguana seems to slow down.
The iguana misses you.
You hit the iguana but do no damage.
The iguana is severely wounded.
You closely miss the iguana.
The iguana is severely wounded.
You kill the iguana!
Your magical contamination has completely faded away.
You now have 244 gold pieces (gained 6).
There is a stone staircase leading up here.
An ogre comes into view. It is wielding a +0 giant spiked club.
You see here a scroll labelled BUDIFA FEXIJ.
The ogre shouts!
You hit the ogre.
The ogre is poisoned.
The ogre is lightly wounded.
The ogre completely misses you. The ogre attacks as you move away!
The ogre hits you with a +0 giant spiked club!
There is a stone staircase leading up here.
You block the ogre's attack.
You climb upwards.
There is a stone staircase leading down, spattered with blood here.
Things that are here:
a +0 ring mail; a +0 club
There is an open door here.
You see here a +0 club.
Things that are here:
a +0 club; a +0 sling; a +0 club
Things that are here:
a +0 animal skin; a +0 short sword; a +1 hat The ogre attacks as you move away!
The ogre closely misses you.
Things that are here:
a +0 dagger; a +0 dagger The ogre attacks as you move away!
The ogre hits you with a +0 giant spiked club!!
Ouch! That really hurt!
You die...
Your body crumbles into a pile of gold.

#......# #...........# #......#
#...........# #...<..#
#...........# #......#
#....[......# #......#
#####...>.......# ###......#
#.).#..[........# .........#
#.#)#...........# .........#####
#O#.'...........# .............#
#@###...........# .......#####.#
#)# ############# .......#...#.#
#.# .......##....###)#########
.......###.#...#.........#
.......##....#'#.........#
#.#..#.##................#
#.#......#.#....#........########
#.####.#.#.......#..............#


You could see an ogre.

Vanquished Creatures
  An iguana (D:4)
  Jessica (D:3)
  Robin (D:3)
  4 adders
  A worm (D:2)
  2 dart slugs
  3 orcs (D:3)
  4 ball pythons
  4 endoplasms
  A giant cockroach (D:2)
  12 goblins
  6 hobgoblins
  4 jackals (D:2)
  3 kobolds
  A quokka (D:2)
  4 bats
  5 frilled lizards
  5 rats
62 creatures vanquished.

Notes
Turn   | Place    | Note
-------+----------+-------------------------------------------
     0 | D:1      | DungeonMaster the Demonspawn Hedge Wizard began the quest
                  | for the Orb.
     0 | D:1      | Reached XP level 1. HP: 13/13 MP: 4/4
   511 | D:1      | Gained mutation: You may rarely emit foul miasma when
                  | damaged in melee. [demonic ancestry]
   511 | D:1      | Reached XP level 2. HP: 19/19 MP: 4/6
  1495 | D:2      | Reached XP level 3. HP: 24/24 MP: 0/8
  2599 | D:3      | Noticed Jessica
  2607 | D:3      | Noticed Robin
  2956 | D:3      | Gained mutation: A meltable shield of frost defends you.
                  | (SH +4) [demonic ancestry]
  2956 | D:3      | Reached XP level 4. HP: 30/30 MP: 6/9
  2997 | D:3      | Killed Jessica
  2998 | D:3      | Reached skill level 4 in Spellcasting
  3169 | D:3      | Found an opulent altar of Gozag.
  3175 | D:3      | Became a worshipper of Gozag Ym Sagoz the Greedy
  3185 | D:3      | Found a stormy altar of Qazlal.
  3202 | D:3      | Found a burning altar of Makhleb.
  3670 | D:3      | Killed Robin
  3932 | D:3      | Reached XP level 5. HP: 6/35 MP: 11/11
  3937 | D:3      | HP: 1/35 [poisoned by an adder]
  4374 | D:4      | Noticed an ogre
  4391 | D:3      | Slain by an ogre

Illustrated notes

Levels and vault maps discovered:
D:1:      mushboom_english_gardens, layout_basic, minmay_pentomino_u2
D:2:      layout_loops_corners
D:3:      layout_basic, nicolae_overflow_quartered_altars, uniq_jessica,
          uniq_robin
D:4:      layout_rooms, mainiacjoe_overflow_boulevard

Skill      XL: |  1  2  3  4 |
---------------+-------------+-----
Conjurations   | 2 3 |  3.7
Spellcasting   | 4 |  4.4
Dodging        | |  1.7
Stealth        | |  1.7
Summonings     | |  1.0
Translocations | |  0.8

Action                   |  1- 3 |  4- 6 || total
-------------------------+-------+-------++-------
Melee: Dagger            |    34 |    56 ||    90
       Punch             |       |     1 ||     1
Throw: Dart              |       |     2 ||     2
 Cast: Magic Dart        |    98 |    27 ||   125
  Use: Scroll            |     5 |       ||     5
       Potion            |       |     1 ||     1
Armor: Robe              |    15 |     9 ||    24
Dodge: Dodged            |    30 |    40 ||    70
Block: Other             |       |    12 ||    12

Table legend: (Time is in decaauts)
 A = Elapsed time spent in this place.
 B = Non-inter-level travel time spent in this place.
 C = Inter-level travel time spent in this place.
 D = Time resting spent in this place.
 E = Time spent auto-exploring this place.
 F = Levels seen in this place.
 G = Mean time per level.
                   A        B        C        D        E       F      G
               +--------+--------+--------+--------+--------+-----+--------+
         Total |   4393 |   4289 |    104 |   1158 |   2617 |   4 | 1098.2 |
       Dungeon |   4393 |   4289 |    104 |   1158 |   2617 |   4 | 1098.2 |
               +--------+--------+--------+--------+--------+-----+--------+

Top non-repeatable levels by time:
     D:2: 1611 daAuts
     D:3: 1519 daAuts
     D:1: 1228 daAuts
     D:4: 33 daAuts
